 Dungeon Crawl Stone Soup version 0.22-a0-109-gbeb7240 (webtiles) character file.

37100 omnomnOMINOUS the Covert (level 13, -1/99 HPs)
             Began as a Vampire Enchanter on Jan 26, 2018.
             Was an Elder of Kikubaaqudgha.
             Slain by a crocodile (4 damage)
             ... on level 6 of the Lair of Beasts.
             The game lasted 01:29:28 (21052 turns).

omnomnOMINOUS the Covert (Vampire Enchanter)       Turns: 21052, Time: 01:29:29

Health: -1/99      AC: 10    Str:  7    XL:     13   Next: 56%
Magic:  23/23      EV:  2    Int: 23    God:    Kikubaaqudgha [****..]
Gold:   842        SH:  0    Dex: 14    Spells: 8/26 levels left

rFire    + + .     SeeInvis +   a - +2 dagger (speed)
rCold    + . .     Gourm    .   (no shield)
rNeg     + + +     Faith    .   A - +2 leather armour {rF+}
rPois    ∞         Spirit   .   V - +0 helmet
rElec    +         Reflect  .   l - +0 cloak
rCorr    +         Harm     .   y - +1 pair of gloves
MR       +....                  M - +0 pair of boots
Stlth    +++++.....             (no amulet)
HPRegen  0.26/turn              L - +3 ring of slaying
MPRegen  0.18/turn              v - +4 ring of evasion

@: lethally poisoned (-1 -> -1), resistant, petrified, very slightly
contaminated, invisible
A: fangs 3, see invisible, unbreathing
a: Bat Form, Receive Corpses, Renounce Religion


You were on level 6 of the Lair of Beasts.
You worshipped Kikubaaqudgha.
Kikubaaqudgha was greatly pleased with you.
You were not thirsty.

You visited 5 branches of the dungeon, and saw 19 of its levels.

You collected 992 gold pieces.
You spent 150 gold pieces at shops.

Inventory:

Hand Weapons
 a - a +2 dagger of speed (weapon)
 b - a +0 short sword of venom
 c - a +2 dagger of protection
Missiles
 i - 60 poisoned needles
 w - 3 needles of paralysis
 K - 2 needles of sleeping
 Q - 6 needles of confusion
 T - 6 curare-tipped needles
Armour
 l - a +0 cloak (worn)
 y - a +1 pair of gloves (worn)
 A - a +2 leather armour of fire resistance (worn)
 M - a +0 pair of boots (worn)
 V - a +0 helmet (worn)
 W - a +1 robe of cold resistance
Jewellery
 v - a +4 ring of evasion (right hand)
 B - an uncursed ring of protection from fire
 D - a +3 ring of strength
 L - a +3 ring of slaying (left hand)
Wands
 p - a wand of digging (18)
 z - a wand of polymorph (12)
 I - a wand of random effects (7)
 J - a wand of paralysis (18)
 P - a wand of acid (9)
Scrolls
 g - 4 scrolls of magic mapping
 h - 5 scrolls of teleportation
 j - 2 scrolls of enchant weapon
 k - 3 scrolls of fear
 r - 2 scrolls of fog
 s - 3 scrolls of enchant armour
 t - 2 scrolls of torment {unknown}
 u - 4 scrolls of remove curse
 E - 2 scrolls of amnesia
 F - 3 scrolls of blinking
 H - a scroll of immolation {unknown}
 U - a scroll of vulnerability {unknown}
 Z - a scroll of random uselessness {unknown}
Potions
 d - 4 potions of lignification
 e - 6 potions of haste
 f - 3 potions of curing
 m - a potion of mutation
 o - 2 potions of might
 q - 11 potions of blood
 G - 2 potions of brilliance
 N - 2 potions of flight
Books
 C - Kikubaaqudgha's Incunabulum of Evil Rites
   (Kikubaaqudgha gifted it to you on level 3 of the Lair of Beasts)

   Spells                             Type                      Level
   a - Animate Dead                   Necromancy                   4
   b - Excruciating Wounds            Charms/Necromancy            5
   c - Bolt of Draining               Conjuration/Necromancy       5
   d - Borgnjor's Vile Clutch         Necromancy/Earth             5
   e - Dispel Undead                  Necromancy                   5
 R - a book of Geomancy

   Spells                             Type                      Level
   a - Sandblast                      Earth                        1
   b - Passwall                       Transmutation/Earth          2
   c - Stone Arrow                    Conjuration/Earth            3
   d - Petrify                        Transmutation/Earth          4
   e - Lee's Rapid Deconstruction     Earth                        5
Miscellaneous
 O - a phial of floods


   Skills:
 + Level 8.4 Fighting
 - Level 10.0 Short Blades
 + Level 10.2 Dodging
 - Level 14.0 Stealth
 + Level 7.2 Spellcasting
 - Level 12.0 Hexes
 + Level 2.1 Charms
 * Level 11.5 Necromancy


You had 8 spell levels left.
You knew the following spells:

 Your Spells              Type           Power        Failure   Level  Hunger
a - Corona                Hex            ######.      1%          1    None
b - Ensorcelled Hibernat  Hex/Ice        #####.       1%          2    None
c - Confuse               Hex            ######..     1%          3    None
d - Apportation           Tloc           #.....       12%         1    None
e - Pain                  Necr           ####         1%          1    None
f - Dispel Undead         Necr           ######..     2%          5    #####..
g - Excruciating Wounds   Chrm/Necr      #####.....   19%         5    #####..


Dungeon Overview and Level Annotations

Branches:
Dungeon (10/15)            Temple (1/1) D:5            Lair (6/6) D:9
  Swamp (1/4) Lair:3        Snake (1/4) Lair:3
  Slime: Lair:5-6       Orc: D:9-12

Altars:
Ashenzari
Cheibriados
Dithmenos
Elyvilon
Fedhas
Gozag
Hepliaklqana
Kikubaaqudgha
Makhleb
Nemelex Xobeh
Okawaru
Qazlal
Ru
Sif Muna
Trog
Uskayaw
Vehumet
Wu Jian
Xom
Yredelemnul
Zin
The Shining One

Shops:
D:4 ?[[   D:8 (

Annotations:
D:3 Coron's ghost, amateur DDAK
D:10 Erolcha
Lair:1 exclusion: oklob plant


Innate Abilities, Weirdness & Mutations

You have razor-sharp teeth.
You have supernaturally acute eyesight. (SInv)
You can survive without breathing.


Message History

The hippogriff pecks you but does no damage.
The hippogriff claws you.
A hog comes into view.
The black mamba bites you but does no damage.
The catoblepas barely misses you. The crocodile bites you!
* * * LOW HITPOINT WARNING * * *
The basilisk gazes at you. The hippogriff barely misses you.
The hippogriff pecks you.
* * * LOW HITPOINT WARNING * * *
The hippogriff claws you.
* * * LOW HITPOINT WARNING * * *
A hog comes into view.
The black mamba bites you!
* * * LOW HITPOINT WARNING * * *
The black mamba bites you.
* * * LOW HITPOINT WARNING * * *
The catoblepas gores you but does no damage.
The crocodile bites you!
You die...
Kikubaaqudgha rasps: "You have failed me!
Welcome... oblivion!"

...hP#. ##
#.h...F#.##
..........#
...h......### #
............#..
........=.....#
.!....Yty.....#
..[...S@H......
......(.l......
...............
.....[........#
###..........##
##..#....###
#########


You could see a catoblepas, a hippogriff, a black mamba, a basilisk, 3 hogs, a
crocodile, a vampire mosquito (wandering) and a bullfrog (wandering).

Vanquished Creatures
  2 entropy weavers
  Nessos (Lair:4)
  The ghost of Berder the Destroyer, a journeyman BaCj of Vehumet (Lair:3)
  Fannar (Lair:2)
  4 two-headed ogres
  A catoblepas (Lair:4)
  5 death yaks (Lair:4)
  A queen ant (Lair:4)
  Nergalle (Lair:2)
  The ghost of Darius099 the Blocker, a novice GrFi (D:9)
  A fire crab (Lair:6)
  Pikel (D:5)
  2 black mambas
  13 elephants
  The ghost of Calypsia the Thaumaturge, a novice DEIE of Qazlal (D:6)
  10 spiny frogs
  4 komodo dragons
  A polar bear (Lair:3)
  2 trolls (D:9)
  Grinder (D:4)
  9 blink frogs
  4 hippogriffs
  A wyvern (Lair:4)
  10 yaks
  4 basilisks
  Eustachio (D:5)
  Menkaure (D:7)
  A steam dragon (Lair:3)
  A naga (Lair:3)
  6 soldier ants
  7 water moccasins
  6 porcupines
  A swamp worm (Swamp:1)
  Duvessa (D:7)
  A sky beast (D:7)
  2 orc warriors
  3 ice beasts
  3 wolves (Lair:1)
  3 necrophages
  5 ogres
  4 centaurs
  11 crocodiles
  A big kobold (D:9)
  19 bullfrogs
  2 gnoll sergeants
  A wyvern skeleton (D:6)
  3 scorpions
  Dowan (D:7)
  4 killer bees (D:10)
  2 howler monkeys
  2 jellies (D:9)
  8 wights
  3 vampire bats (D:8)
  6 crimson imps
  3 bullfrog zombies
  A centaur zombie (D:7)
  10 hounds
  2 centaur skeletons
  5 orc priests
  2 bullfrog skeletons
  5 orc wizards
  A gnoll shaman (D:9)
  25 worker ants
  Ijyb (D:4)
  Terence (D:3)
  An iguana (D:7)
  5 hell rats
  A hound zombie (D:5)
  A hound skeleton (D:10)
  6 adders
  15 gnolls
  A howler monkey skeleton (D:7)
  2 river rats (Lair:2)
  A shadow imp (D:6)
  7 worms
  4 dart slugs
  4 leopard geckos
  29 orcs
  3 ball pythons
  7 bats
  5 bat zombies (D:8)
  6 giant cockroaches
  3 goblins
  4 hobgoblins
  13 jackals
  5 quokkas
  3 frilled lizards
  12 kobolds
  11 rats
396 creatures vanquished.

Vanquished Creatures (collateral kills)
  A leopard gecko (D:6)
1 creature vanquished.

Vanquished Creatures (others)
  A phantom (D:5)
  Blork the orc (D:5)
  2 worker ants
  A giant cockroach (D:5)
  5 fungi
  19 plants
  14 toadstools (Lair:1)
43 creatures vanquished.

Grand Total: 440 creatures vanquished

Notes
Turn   | Place    | Note
-------+----------+-------------------------------------------
     0 | D:1      | omnomnOMINOUS the Vampire Enchanter began the quest for the Orb.
     0 | D:1      | Reached XP level 1. HP: 13/13 MP: 3/3
   316 | D:1      | Reached skill level 5 in Hexes
   342 | D:1      | Reached XP level 2. HP: 19/19 MP: 5/5
   346 | D:1      | Learned a level 2 spell: Ensorcelled Hibernation
  1158 | D:2      | Reached XP level 3. HP: 24/24 MP: 6/6
  1162 | D:2      | Found an iron altar of Okawaru.
  1221 | D:2      | Found a burning altar of Makhleb.
  1223 | D:2      | Noticed a cacodemon
  1240 | D:2      | Noticed a hellwing
  1240 | D:2      | Noticed an orange demon
  2323 | D:3      | Reached XP level 4. HP: 22/31 MP: 1/7
  2365 | D:3      | Noticed Terence
  2400 | D:3      | Reached skill level 5 in Stealth
  2405 | D:3      | Killed Terence
  2553 | D:3      | Noticed Coron's ghost (amateur DDAK)
  2746 | D:3      | Reached XP level 5. HP: 23/36 MP: 3/8
  3083 | D:3      | Reached skill level 1 in Fighting
  3115 | D:3      | Found a basalt altar of Yredelemnul.
  3602 | D:4      | Found Raotith's Magic Scroll Emporium.
  3604 | D:4      | Reached skill level 6 in Stealth
  3613 | D:4      | You fall through a shaft for 2 floors!
  3613 | D:6      | Noticed an ogre
  3618 | D:5      | Entered Level 5 of the Dungeon
  3635 | D:5      | Reached XP level 6. HP: 43/43 MP: 5/9
  3905 | D:5      | Noticed an ice beast
  3914 | D:5      | Learned a level 3 spell: Confuse
  4115 | D:5      | Reached skill level 7 in Stealth
  4115 | D:5      | Reached XP level 7. HP: 43/50 MP: 1/10
  4230 | D:5      | Found a bloodstained altar of Trog.
  4266 | D:5      | Noticed Pikel
  4278 | D:5      | Killed Pikel
  4278 | D:5      | Reached skill level 8 in Stealth
  4278 | D:5      | Reached XP level 8. HP: 52/57 MP: 5/11
  4282 | D:5      | Noticed Blork the orc
  4317 | D:5      | Killed Blork the orc
  4317 | D:5      | Reached skill level 5 in Short Blades
  4601 | D:4      | Learned a level 1 spell: Apportation
  4610 | D:4      | Noticed Ijyb
  4617 | D:4      | Killed Ijyb
  4700 | D:4      | Noticed Grinder
  4736 | D:4      | Killed Grinder
  4736 | D:4      | Reached skill level 9 in Stealth
  4811 | D:4      | Bought a scroll of blinking for 75 gold pieces
  4811 | D:4      | Bought a scroll of blinking for 75 gold pieces
  4861 | D:4      | Found a stormy altar of Qazlal.
  4864 | D:4      | Noticed an air elemental
  4953 | D:4      | Found Ubbir's Armour Boutique.
  5099 | D:4      | Found Bikh's Armour Boutique.
  5786 | D:5      | Noticed Eustachio
  5787 | D:5      | Found a staircase to the Ecumenical Temple.
  5801 | D:5      | Killed Eustachio
  5801 | D:5      | Reached skill level 10 in Hexes
  6083 | D:6      | Noticed Calypsia's ghost (novice DEIE)
  6084 | D:6      | Reached XP level 9. HP: 64/64 MP: 12/12
  6151 | D:6      | Found a shimmering altar of Xom.
  6156 | D:6      | Found a shimmering altar of Xom.
  6156 | D:6      | Found a shimmering altar of Xom.
  6156 | D:6      | Found a shimmering altar of Xom.
  6158 | D:6      | Found a shimmering altar of Xom.
  6164 | D:6      | Reached skill level 10 in Stealth
  6170 | D:6      | Found a shimmering altar of Xom.
  6170 | D:6      | Found a shimmering altar of Xom.
  6373 | Temple   | Entered the Ecumenical Temple
  6511 | D:6      | Killed Calypsia's ghost
  6511 | D:6      | Reached skill level 5 in Dodging
  7024 | D:6      | Found an ornate altar of the Wu Jian Council.
  7476 | D:7      | Reached skill level 11 in Stealth
  7590 | D:7      | Noticed Dowan
  7593 | D:7      | Noticed Duvessa
  7597 | D:7      | Killed Dowan
  7612 | D:7      | Killed Duvessa
  7639 | D:7      | Noticed Menkaure
  7959 | D:7      | Killed Menkaure
  8409 | D:8      | Found a glowing silver altar of Zin.
  8409 | D:8      | Found Iruniefo's Weapon Shop.
  8618 | D:8      | Found a snail-covered altar of Cheibriados.
  8721 | D:8      | Reached XP level 10. HP: 72/72 MP: 4/13
  8776 | D:8      | Found an ancient bone altar of Kikubaaqudgha.
  8875 | D:8      | Noticed a two-headed ogre
  9026 | D:8      | Found a sparkling altar of Nemelex Xobeh.
  9066 | D:8      | Killed a two-headed ogre
  9066 | D:8      | Reached skill level 12 in Stealth
  9107 | D:8      | Became a worshipper of Kikubaaqudgha
  9326 | D:8      | Noticed a two-headed ogre
  9340 | D:8      | Killed a two-headed ogre
  9340 | D:8      | Reached skill level 1 in Necromancy
  9565 | D:9      | Noticed a death yak
  9575 | D:9      | Noticed an elephant
  9751 | D:9      | Noticed a two-headed ogre
  9885 | D:9      | Noticed Darius099's ghost (novice GrFi)
  9895 | D:9      | Killed Darius099's ghost
  9895 | D:9      | Reached skill level 5 in Fighting
 10049 | D:9      | Killed a two-headed ogre
 10097 | D:9      | Noticed a two-headed ogre
 10165 | D:9      | Reached * piety under Kikubaaqudgha
 10165 | D:9      | Identified Kikubaaqudgha's Handbook of Unholy Rituals (Kikubaaqudgha gifted it to you on level 9 of the Dungeon)
 10165 | D:9      | Received a gift from Kikubaaqudgha
 10224 | D:9      | Reached XP level 11. HP: 79/79 MP: 10/15
 10251 | D:9      | Found a staircase to the Lair.
 10620 | Lair:1   | Entered Level 1 of the Lair of Beasts
 10857 | D:9      | Killed a two-headed ogre
 11251 | D:10     | Entered Level 10 of the Dungeon
 11372 | D:10     | Reached skill level 13 in Stealth
 11513 | D:10     | Reached skill level 5 in Necromancy
 11612 | D:10     | Noticed Erolcha
 11624 | D:10     | Reached ** piety under Kikubaaqudgha
 12072 | Lair:1   | Reached skill level 10 in Short Blades
 12554 | Lair:1   | Found a blossoming altar of Fedhas.
 12574 | Lair:1   | Noticed an oklob plant
 13110 | Lair:2   | Noticed Fannar
 13124 | Lair:2   | Killed Fannar
 13215 | Lair:2   | Noticed Nergalle
 13261 | Lair:2   | Killed Nergalle
 13990 | Lair:3   | Found a burning altar of Makhleb.
 14009 | Lair:3   | Got a brightly glowing scale mail
 14020 | Lair:3   | Identified the cursed +0 scale mail "Rabucvua" {rElec} (You found it on level 3 of the Lair of Beasts)
 14085 | Lair:3   | Noticed Berder's ghost (journeyman BaCj)
 14107 | Lair:3   | Killed Berder's ghost
 14107 | Lair:3   | Reached XP level 12. HP: 89/89 MP: 14/19
 14365 | Lair:3   | Learned a level 1 spell: Pain
 14415 | Lair:3   | Found a staircase to the Swamp.
 14434 | Swamp:1  | Entered Level 1 of the Swamp
 14506 | Lair:3   | Reached skill level 5 in Spellcasting
 14610 | Lair:3   | Reached *** piety under Kikubaaqudgha
 14610 | Lair:3   | Identified Kikubaaqudgha's Incunabulum of Evil Rites (Kikubaaqudgha gifted it to you on level 3 of the Lair of Beasts)
 14610 | Lair:3   | Received a gift from Kikubaaqudgha
 14610 | Lair:3   | Reached skill level 14 in Stealth
 14618 | Lair:3   | Learned a level 5 spell: Dispel Undead
 14624 | Lair:3   | Learned a level 5 spell: Excruciating Wounds
 14735 | Lair:3   | Found a staircase to the Snake Pit.
 14751 | Snake:1  | Entered Level 1 of the Snake Pit
 14751 | Snake:1  | Noticed a naga warrior
 16990 | Lair:5   | Noticed Nessos
 17045 | Lair:5   | Noticed a queen ant
 17170 | Lair:4   | Noticed a catoblepas
 17171 | Lair:4   | Noticed a death yak
 17626 | Lair:4   | Killed a death yak
 17626 | Lair:4   | Reached skill level 10 in Necromancy
 17849 | Lair:4   | Killed Nessos
 18077 | Lair:4   | Reached XP level 13. HP: 85/97 MP: 19/22
 18104 | Lair:5   | Noticed an entropy weaver
 18161 | Lair:4   | Reached **** piety under Kikubaaqudgha
 18363 | Lair:4   | Killed an entropy weaver
 18594 | Lair:5   | Noticed an entropy weaver
 18609 | Lair:5   | Killed an entropy weaver
 19963 | Lair:4   | Reached skill level 10 in Dodging
 20185 | Lair:5   | Got a twisted scimitar
 20186 | Lair:5   | Identified the +1 scimitar of Eternal Vigilance {protect, SInv} (You found it on level 5 of the Lair of Beasts)
 20279 | Lair:5   | Reached skill level 1 in Charms
 20965 | Lair:6   | Entered Level 6 of the Lair of Beasts
 21052 | Lair:6   | HP: 4/99 [black mamba (5)]
 21052 | Lair:6   | Slain by a crocodile

Vault maps used:
D:1:      onia_arrival_pyramid
D:2:      old_standard_altar, makhleb_altar_promises_db, first_ration,
          serial_forest, infiniplex_forest_fountain,
          infiniplex_forest_clump_curved, infiniplex_forest_clump_tiny,
          infiniplex_forest_clump_double, infiniplex_forest_straight_2,
          minmay_stone_trees_large
D:3:      old_standard_altar, serial_glass, glass_columns_c, glass_columns_a,
          glass_columns_b, glass_columns_a, glass_columns_c, glass_columns_b,
          glass_columns_a, glass_columns_a, glass_columns_a, glass_columns_a,
          glass_columns_b, glass_columns_c, glass_columns_c, glass_columns_b,
          uniq_terence
D:4:      nicolae_qazlal_style_of_elements, serial_shops, shop, shop,
          nicolae_shop_crystal, uniq_ijyb, uniq_grinder
D:5:      lightli_temple_of_fire, minmay_temple_entry_nine_rooms,
          cheibrodos_sewer_entry_bend, uniq_eustachio, uniq_blork_the_orc,
          uniq_pikel
D:6:      basic_altar, nicolae_xom_altar_mimics
D:7:      uniq_menkaure, uniq_duvessa
D:8:      cheibriados_altar_1, lemuel_crystal_altar, kennysheep_vampire_church,
          serial_shops, shop, nemelex_xobeh_ov_fountains_minmay
D:9:      david_lair_generic
D:10:     uniq_erolcha
Temple:   zaba_magenta_temple
Lair:1:   wad_woods_road_01, st_stairs_11, tgw_fedhas
Lair:2:   pond, grunt_megastairs_5, uniq_fannar, uniq_nergalle
Lair:3:   swamp_mist, guppyfry_snake_entry_island, basic_altar,
          lemuel_old_faithful
Lair:4:   kennysheep_catoblepas_arena, infiniplex_staircase_pool_2
Lair:5:   nicolae_lair_grove_arrangements, minmay_another_anthill, uniq_nessos
Lair:6:   minmay_lair_end_frog_pond, minmay_slime_entry_oklob_enclosed,
          uniq_kirke, uniq_josephine
Swamp:1:  evilmike_swamp_ruin_rubble_1, swamp_pool1,
          nicolae_swamp_necromancer_hut, uniq_aizul
Snake:1:  st_stairs_7, lemuel_fruit_tree, grunt_megastairs_4

Skill      XL: |  1  2  3  4  5  6  7  8  9 10 11 12 13 |
---------------+----------------------------------------+-----
Hexes          | 5 6 7 8 10 11 12 | 12.0
Stealth        | 5 6 7 8 9 11 12 13 14 | 14.0
Short Blades   | 2 3 4 6 7 9 10 | 10.0
Fighting       | 1 2 3 4 5 6 7 8 |  8.4
Dodging        | 3 4 5 6 8 9 10 | 10.2
Necromancy     | 4 7 10 11 | 11.5
Spellcasting   | 3 4 6 7 |  7.2
Charms         | 2 |  2.1

Action                   |  1- 3 |  4- 6 |  7- 9 | 10-12 | 13-15 || total
-------------------------+-------+-------+-------+-------+-------++-------
Melee: Dagger            |   141 |   202 |   280 |   537 |    95 ||  1255
       Bite              |    14 |    19 |    23 |    61 |    19 ||   136
       Short sword       |       |       |       |       |    59 ||    59
 Cast: Ensorcelled Hiber |    34 |    41 |    74 |   123 |    49 ||   321
       Confuse           |       |     1 |    39 |   138 |    58 ||   236
       Pain              |       |       |       |     4 |       ||     4
       Apportation       |       |       |       |     1 |       ||     1
 Abil: End Transformatio |       |       |       |     1 |       ||     1
       Bat Form          |       |       |       |     1 |       ||     1
Evoke: Wand              |       |       |       |     2 |       ||     2
  Use: Potion            |     6 |    11 |    17 |    42 |    15 ||    91
       Scroll            |       |     3 |     9 |     8 |     2 ||    22
 Stab: Sleeping          |    16 |    21 |    49 |    94 |    23 ||   203
       Confused          |       |     2 |    24 |    73 |    21 ||   120
       Invisible         |       |       |       |       |     2 ||     2
Armor: Robe              |    45 |    50 |       |       |       ||    95
       Leather armour    |       |    12 |    45 |    50 |    34 ||   141
       Scale mail        |       |       |       |    83 |       ||    83
Dodge: Dodged            |    77 |    93 |   156 |   325 |   161 ||   812

Table legend:
 A = Spawn XP
 B = Non-spawn XP
 C = Spawn XP percentage of total XP
 D = Spawn monster count
 E = Non-spawn monster count
 F = Spawn count percentage of total count
 G = Total turns spent on level
                    A         B        C        D         E        F      G
               +---------+---------+-------+---------+---------+-------+---------
         Total |       0 |   53000 |   0.0 |       0 |     399 |   0.0 | 21052
               +---------+---------+-------+---------+---------+-------+---------
           D:1 |       0 |      36 |   0.0 |       0 |      18 |   0.0 |  1103
           D:2 |       0 |      53 |   0.0 |       0 |      22 |   0.0 |  1375
           D:3 |       0 |     180 |   0.0 |       0 |      33 |   0.0 |  1084
           D:4 |       0 |     777 |   0.0 |       0 |      21 |   0.0 |   777
           D:5 |       0 |    1858 |   0.0 |       0 |      26 |   0.0 |  2315
           D:6 |       0 |    1185 |   0.0 |       0 |      21 |   0.0 |   613
           D:7 |       0 |     833 |   0.0 |       0 |      19 |   0.0 |  1109
           D:8 |       0 |    2979 |   0.0 |       0 |      26 |   0.0 |  1394
           D:9 |       0 |    5326 |   0.0 |       0 |      49 |   0.0 |  1427
          D:10 |       0 |    1015 |   0.0 |       0 |      17 |   0.0 |   445
        Lair:1 |       0 |    3815 |   0.0 |       0 |      16 |   0.0 |  1214
        Lair:2 |       0 |    3993 |   0.0 |       0 |      19 |   0.0 |  1305
        Lair:3 |       0 |    6564 |   0.0 |       0 |      19 |   0.0 |  1641
        Lair:4 |       0 |   16732 |   0.0 |       0 |      50 |   0.0 |  3842
        Lair:5 |       0 |    6069 |   0.0 |       0 |      39 |   0.0 |  1209
        Lair:6 |       0 |    1442 |   0.0 |       0 |       3 |   0.0 |    87
       Swamp:1 |       0 |     143 |   0.0 |       0 |       1 |   0.0 |    33
               +---------+---------+-------+---------+---------+-------+---------
